 Dungeon Crawl Stone Soup version 0.13.1-22-g086cdba (webtiles) character file.

153 Kae the Insei (level 3, -3/28 HPs)
             Began as a Draconian Transmuter on Jan 1, 2014.
             Slain by Terence
             ... wielding a +3,+1 short sword of holy wrath
              (7 damage)
             ... on Level 2 of the Dungeon.
             The game lasted 00:02:28 (1597 turns).

Kae the Insei (Draconian Transmuter)                Turns: 1597, Time: 00:02:28

HP  -3/28        AC  5     Str 12      XL: 3   Next: 85%
MP   4/4         EV 12     Int 13      God:
Gold 91          SH  0     Dex 12      Spells:  1 memorised,  5 levels left

Res.Fire  : + . .   See Invis. : .     - Unarmed
Res.Cold  : + . .   Warding    : .   (armour unavailable)
Life Prot.: + . .   Conserve   : +   (no shield)
Res.Poison: +       Res.Corr.  : .   (helmet restricted)
Res.Elec. : +       Clarity    : .   (no cloak)
Sust.Abil.: . .     Spirit.Shd : .   (no gloves)
Res.Mut.  : .       Stasis     : .   (no boots)
Res.Rott. : .       Flight     : +   n - amulet of conservation {unknown}
Saprovore : . . .                    l - ring of positive energy
                                     j - cursed ring of hunger

@: flying (expiring), slowed, very slow, not resistant to hostile enchantments,
unstealthy
A: unfitting armour, AC +5
a: no special abilities


You were on level 2 of the Dungeon.
You were hungry.

You visited 1 branch of the dungeon, and saw 2 of its levels.

You collected 71 gold pieces.

Inventory:

Missiles
 b - 12 arrows
Comestibles
 a - 2 bread rations
 g - a pear
Scrolls
 f - 2 scrolls of identify
 h - a scroll of magic mapping {unknown}
Jewellery
 j - a cursed ring of hunger (left hand)
 k - an uncursed amulet of clarity {unknown}
 l - a ring of positive energy (right hand)
 n - an amulet of conservation (around neck) {unknown}
Potions
 e - a potion of slowing
 m - a potion of confusion
Books
 d - a book of Changes

   Spells                             Type                      Level
   *Beastly Appendage                 Transmutation                1
   Sticks to Snakes                   Transmutation                2
   Spider Form                        Transmutation/Poison         3
   Ice Form                           Ice/Transmutation            4
   Blade Hands                        Transmutation                5


   Skills:
 - Level 1.1 Fighting
 - Level 1.7 Dodging
 * Level 4.4 Unarmed Combat
 - Level 2.0 Spellcasting
 + Level 2.7 Transmutations


You had 5 spell levels left.
You knew the following spells:

 Your Spells              Type           Power        Failure   Level  Hunger
a - Beastly Appendage     Trmt           #.....       10%         1    ##.....


Dungeon Overview and Level Annotations

Branches:
Dungeon (2/27)

Altars:

Annotations:
D:2 Terence


Message History

Terence hits you but does no damage. Terence barely misses you.
Terence hits you with a runed short sword.
* * * LOW HITPOINT WARNING * * *
Terence barely misses you. Terence hits you but does no damage.
Terence misses you.
Terence hits you with a runed short sword.
* * * LOW HITPOINT WARNING * * *
Terence completely misses you. Terence closely misses you.
Terence closely misses you.
There is a stone staircase leading up here.
Terence bares his teeth.
You are starting to lose your buoyancy.
Terence hits you with a runed short sword.
* * * LOW HITPOINT WARNING * * *
You start to feel less resistant.
Terence hits you with a runed short sword!
You die...

######## #.#.......#.#.#
.......####.#>#####.#.#.#
..............#.....#.#.#
.....#.####.#.#.#####.#.#
..##.#.# #.#.........#.# ..##[#.#
#.#.#########.# ..##.#.#
#........<....# ..##.#.#
###.######.#..# .....#.#
#.#.@@...#..# ....##)#
###.#'####.#..#########
.....#.####..........#.....).....
..........#......#.#.#.##########
####......#......#.#.#.######...#
# #......#......#.#.#.##........
#......#......#.#.#.##.###.#.#
#......#........#.#.##.#......
#......#........#.#.##.#.#..##


You could see Terence.

Vanquished Creatures
  Jessica (D:2)
  An adder (D:2)
  2 giant geckos
  2 giant cockroaches (D:1)
  3 hobgoblins
  2 jackals (D:1)
  A ball python (D:1)
  3 bats
  A giant newt (D:2)
  3 goblins
  6 kobolds (D:2)
  9 rats
34 creatures vanquished.

Notes
Turn   | Place    | Note
--------------------------------------------------------------
     0 | D:1      | Kae, the Draconian Transmuter, began the quest for the Orb.
     0 | D:1      | Reached XP level 1. HP: 16/16 MP: 1/1
   267 | D:1      | Reached XP level 2. HP: 14/23 MP: 3/3
   767 | D:2      | Noticed Jessica
   772 | D:2      | Killed Jessica
   772 | D:2      | Reached skill level 4 in Unarmed Combat
   772 | D:2      | Reached XP level 3. HP: 19/28 MP: 2/4
  1563 | D:2      | Noticed Terence
  1597 | D:2      | Slain by Terence

Action                   || total
-------------------------++-------
Melee: Unarmed           ||    94
 Cast: Beastly Appendage ||     3
  Use: Scroll            ||     4
       Potion            ||     4
 Stab: Sleeping          ||     2
